 Dungeon Crawl Stone Soup version 0.17-a0-2069-g0f4ee5b (webtiles) character file.

127 radek the Conjurer (level 4, -2/24 HPs)
             Began as a Deep Elf Conjurer on Oct 13, 2015.
             Killed from afar by Sigmund (10 damage)
             ... with a puff of flame
             ... on level 3 of the Dungeon.
             The game lasted 00:15:25 (2933 turns).

radek the Conjurer (Deep Elf Conjurer)              Turns: 2933, Time: 00:15:25

Health: -2/24      AC:  3    Str:  6    XL:     4   Next: 85%
Magic:  5/10       EV: 13    Int: 17    God:
Gold:   108        SH:  0    Dex: 15    Spells: 1 memorised, 8 levels left

rFire  . . .     SeeInvis .     d - +2 falchion (slice)
rCold  . . .     Clarity  .     a - +1 robe
rNeg   . . .     SustAt   .     (no shield)
rPois  .         Gourm    .     (no helmet)
rElec  .         Spirit   .     (no cloak)
rCorr  .         Warding  .     (no gloves)
rMut   .         Stasis   .     (no boots)
MR     .....                    (no amulet)
Stlth  ++........               (no ring)
                                p - -3 ring of intelligence (curse)

@: not resistant to hostile enchantments, unstealthy
A: no striking features
a: no special abilities


You were on level 3 of the Dungeon.
You were not hungry.

You visited 1 branch of the dungeon, and saw 3 of its levels.

You collected 108 gold pieces.

Inventory:

Hand Weapons
 d - a +2 falchion of slicing (weapon)
 k - a +0 dagger
Armour
 a - a +1 robe (worn)
Jewellery
 p - a cursed -3 ring of intelligence (left hand)
 q - a cursed ring of see invisible {unknown}
Scrolls
 g - 2 scrolls of enchant armour
 i - a scroll of identify
 j - a scroll of recharging
 s - a scroll of magic mapping {unknown}
Potions
 e - a potion of cancellation {unknown}
 h - a potion of heal wounds {unknown}
 l - a potion of lignification {unknown}
 o - a potion of flight {unknown}
Books
 b - a book of Conjurations

   Spells                             Type                      Level
   a - Magic Dart                     Conjuration                  1
   b - Searing Ray                    Conjuration                  2
   c - Dazzling Spray                 Conjuration/Hexes            3
   d - Fulminant Prism                Conjuration/Hexes            4
   e - Iskenderun's Mystic Blast      Conjuration                  4
   f - Iskenderun's Battlesphere      Conjuration/Charms           5
Miscellaneous
 n - a plain deck of wonders {the Mercenary}
Comestibles
 c - 3 bread rations
 f - a slice of pizza
 m - 2 fruits
 r - a meat ration


   Skills:
 - Level 2.4 Dodging
 - Level 2.4 Stealth
 - Level 3.0 Spellcasting
 * Level 6.8 Conjurations


You had 8 spell levels left.
You knew the following spells:

 Your Spells              Type           Power        Failure   Level  Hunger
a - Magic Dart            Conj           ####         1%          1    None


Dungeon Overview and Level Annotations

Branches:
Dungeon (3/15)

Altars:
Cheibriados
Kikubaaqudgha
Nemelex Xobeh
Ru

Annotations:
D:3 Sigmund


Message History

Aiming: Magic Dart
Press: ? - help, Shift-Dir - straight line, f/p - Sigmund
Aim: Sigmund, wielding a scythe and wearing a robe (moderately wounded)
The magic dart hits Sigmund.
Sigmund is heavily wounded.
Sigmund gestures wildly while chanting.
Sigmund flickers and vanishes!
Deactivating autopickup; reactivate with Ctrl-A.
Casting: Magic Dart
Confirm with . or Enter, or press ? or * to list all spells.
You can't see any susceptible monsters within range! (Use Z to cast anyway.)
Casting: Magic Dart
Confirm with . or Enter, or press ? or * to list all spells.
You can't see any susceptible monsters within range! (Use Z to cast anyway.)
A puff of flame appears from out of thin air!
The puff of flame hits you!
Something tries to affect you, but you resist.
A puff of flame appears from out of thin air!
The puff of flame hits you!
You die...

##.##
##..####.#
##.###.###
#.#######
##.#{##
#........
##.##
######..#
#.# #..#
#.# #..#
#.# ###
#..# #.#
#.# ####
#@## #.#
#(.######.#
#......##.#
##.###.##.#
#.# #.##.#
#.# #.##.#
#.# #.##.#
#.# #.##.#
#.###.##.#


There were no monsters in sight!

Vanquished Creatures
  Robin (D:2)
  3 gnolls (D:2)
  3 adders (D:2)
  A worm (D:2)
  A giant gecko (D:2)
  4 giant cockroaches
  6 hobgoblins
  9 jackals (D:2)
  3 bats
  5 giant newts
  14 goblins
  5 kobolds
  4 rats
59 creatures vanquished.

Notes
Turn   | Place    | Note
--------------------------------------------------------------
     0 | D:1      | radek the Deep Elf Conjurer began the quest for the Orb.
     0 | D:1      | Reached XP level 1. HP: 10/10 MP: 6/6
   258 | D:1      | Reached XP level 2. HP: 15/15 MP: 4/8
   467 | D:1      | Reached skill level 5 in Conjurations
   713 | D:2      | Found an ancient bone altar of Kikubaaqudgha.
   824 | D:2      | Reached XP level 3. HP: 19/19 MP: 5/9
  1023 | D:2      | Found a sparkling altar of Nemelex Xobeh.
  1294 | D:2      | Noticed Robin
  1363 | D:3      | Noticed Sigmund
  1466 | D:2      | Reached skill level 6 in Conjurations
  1599 | D:2      | Killed Robin
  1599 | D:2      | Reached XP level 4. HP: 8/24 MP: 0/10
  2808 | D:3      | Found a sacrificial altar of Ru.
  2812 | D:3      | Found a snail-covered altar of Cheibriados.
  2933 | D:3      | Killed from afar by Sigmund

Vault maps used:
D:1:      minmay_arrival_three_doors, minmay_misc_feat_x, hangedman_decor_points
D:2:      nicolae_overflow_hidden_temple, first_bread, nemelex_deck, uniq_robin
D:3:      grunt_temple_overflow_open, st_stairs_8, vehumet_altar_wand_db,
          uniq_sigmund, uniq_crazy_yiuf_cottage

Action                   |  1- 3 |  4- 6 || total
-------------------------+-------+-------++-------
Melee: Dagger            |     4 |       ||     4
 Cast: Magic Dart        |    92 |    50 ||   142
  Use: Scroll            |     5 |       ||     5
  Eat: Chunk             |     1 |       ||     1
       Meat ration       |       |     1 ||     1
